 Dungeon Crawl Stone Soup version 0.28-a0-983-g1de4e0787c (webtiles) character file.

Game seed: 17033514587599116089

3766 Redcow54321 the Grappler (level 9, -1/80 HPs)
             Began as a Troll Fighter on Dec 3, 2021.
             Slain by an orc knight (9 damage)
             ... in a bailey.
             The game lasted 00:11:12 (4953 turns).

Redcow54321 the Grappler (Troll Fighter)            Turns: 4953, Time: 00:11:12

Health: -1/80      AC:  9    Str: 30    XL:     9   Next: 94%
Magic:  8/8        EV: 10    Int:  4    God:
Gold:   559        SH:  0    Dex:  9    Spells: 8/8 levels left

rFire   + . .      SeeInvis .     - Unarmed
rCold   . . .      Faith    .   (no shield)
rNeg    . . .      Spirit   .   a - +0 robe
rPois   .          Reflect  .   (helmet restricted)
rElec   .          Harm     .   v - +0 cloak
rCorr   .          Rampage  .   (gloves unavailable)
Will    .....                   (boots unavailable)
Stlth   ++........              o - amulet of magic regeneration
HPRegen 1.03/turn               g - ring of protection from fire
MPRegen 0.51/turn               r - +4 ring of protection

@: no status effects
A: large, unfitting armour, claws 3, regeneration 1, shaggy fur 1, tough skin 1
a: no special abilities


You were in a bailey.
You visited 1 branch of the dungeon, and saw 7 of its levels.
You also visited: Bailey.

You collected 625 gold pieces.
You spent 66 gold pieces at shops.

Inventory:

Armour
 a - a +0 robe (worn)
 b - a +0 kite shield
 v - a +0 cloak (worn)
Jewellery
 g - a ring of protection from fire (left claw)
 o - an amulet of magic regeneration (around neck)
 r - a +4 ring of protection (right claw)
Wands
 k - a wand of flame (16)
 t - a wand of polymorph (5)
Scrolls
 d - a scroll of torment {unknown}
 e - a scroll of magic mapping {unknown}
 f - 3 scrolls of teleportation
 h - a scroll of identify
 j - 4 scrolls of noise
 q - a scroll of enchant weapon {unknown}
 s - a scroll of acquirement {unknown}
Potions
 c - a potion of might
 i - a potion of resistance
 l - a potion of heal wounds
 m - a potion of magic
 n - 2 potions of degeneration
 p - a potion of flight
 u - a potion of mutation {unknown}


   Skills:
 - Level 2.4 Fighting
 - Level 2.4 Dodging
 - Level 2.0 Stealth
 - Level 2.4 Shields
 + Level 13.8 Unarmed Combat


You had 8 spell levels left.
You didn't know any spells.
Your spell library contained the following spells:

 Spells                   Type           Power      Damage    Failure   Level
 Beastly Appendage        Tmut           0%         N/A       50%         1
 Sandblast                Erth           0%         2d4       50%         1
 Sting                    Tmut/Pois      0%         1d3       50%         1
 Passwall                 Tmut/Erth      0%         N/A       65%         2
 Call Canine Familiar     Summ           0%         N/A       86%         3
 Portal Projectile        Hex/Tloc       0%         N/A       86%         3
 Stone Arrow              Conj/Erth      0%         3d7       86%         3
 Leda's Liquefaction      Hex/Erth       0%         N/A       99%         4
 Freezing Cloud           Conj/Ice/Air   0%         6-21      100%        5
 Simulacrum               Ice/Necr       0%         N/A       100%        6
 Dragon Form              Tmut           0%         N/A       100%        7
 Polar Vortex             Ice            0%         N/A       100%        9


Dungeon Overview and Level Annotations

Branches:
Dungeon (7/15)             Temple (0/1) D:6          Bailey (1/1)

Altars:
Elyvilon
Fedhas
Gozag
Hepliaklqana
Ru
Xom
Zin

Shops:
D:6 [?*


Innate Abilities, Weirdness & Mutations

You are too large for most types of armour.
You have claws for hands.
Your natural rate of healing is unusually fast.
You are covered in fur. (AC +1)
You have tough skin. (AC +1)


Message History

The orc knight hits you with a +0 war axe!
You mangle the orc knight!!
The orc knight is moderately wounded.
The orc knight hits you with a +0 war axe!!
You are too injured to fight recklessly!
Things that are here:
a +0 war axe; a +0 ring mail You scratch the orc knight but do no damage.
The orc knight is moderately wounded.
The orc knight hits you with a +0 war axe!!
* * * LOW HITPOINT WARNING * * *
Things that are here:
a +0 hand axe; a +0 leather armour A kobold comes into view.
The kobold shouts!
You barely miss the orc knight.
The orc knight is moderately wounded.
The orc knight barely misses you.
You claw the orc knight!
The orc knight is heavily wounded.
The orc knight hits you with a +0 war axe!!
* * * LOW HITPOINT WARNING * * *
The kobold hits you.
* * * LOW HITPOINT WARNING * * *
You closely miss the orc knight.
The orc knight is heavily wounded.
The orc knight hits you but does no damage.
You claw the orc knight!
The orc knight is heavily wounded.
The kobold hits you but does no damage.
You closely miss the orc knight.
You claw the orc knight, but do no damage.
The orc knight is heavily wounded.
The orc knight hits you but does no damage.
The kobold hits you but does no damage.
You claw the orc knight!
You claw the orc knight, but do no damage.
The orc knight is severely wounded.
The orc knight hits you with a +0 war axe!
You die...

≈≈≈K#...K.o.#K≈
####≈≈≈≈≈≈##
#....g..###
#≈≈≈≈≈≈≈.
###'####.. ≈≈≈≈≈≈.#
.. ^... ≈≈≈≈..# ##
##.. #....# #..
#...# #.) #..######
##(
#.@og...#########.(
##.K.........))....
###########.######
#.# .......##
#######


You could see an orc knight, a gnoll and a kobold.

Vanquished Creatures
  Pikel (D:6)
  An orc knight (Bailey)
  Maggie (D:6)
  Eustachio (D:6)
  Edmund (D:4)
  3 orc warriors
  A necrophage (D:5)
  A sky beast (D:5)
  A black bear (D:6)
  3 ice beasts
  An ogre (D:5)
  3 centaurs
  A phantom (D:7)
  2 lemures (D:6)
  2 bullfrogs
  A scorpion (D:5)
  A water moccasin zombie (D:6)
  A wyvern skeleton (D:6)
  4 centaur zombies
  2 orc priests
  A jelly (D:6)
  4 hounds
  A gnoll shaman (D:5)
  2 bullfrog skeletons
  An orc wizard (D:6)
  2 iguanas
  2 hound skeletons
  7 gnolls
  10 adders
  A shadow imp (D:6)
  2 ufetubi (D:5)
  An adder skeleton (D:4)
  A worm (D:2)
  3 dart slugs
  18 orcs
  7 ball pythons
  6 endoplasms
  6 giant cockroaches
  3 hobgoblins
  8 jackals
  12 kobolds
  2 bats (D:3)
  7 goblins
  5 rats
144 creatures vanquished.

Vanquished Creatures (others)
  6 plants (D:7)
6 creatures vanquished.

Grand Total: 150 creatures vanquished

Notes
Turn   | Place    | Note
-------+----------+-------------------------------------------
     0 | D:1      | Redcow54321 the Troll Fighter began the quest for the Orb.
     0 | D:1      | Reached XP level 1. HP: 22/22 MP: 0/0
   619 | D:2      | Reached XP level 2. HP: 29/29 MP: 1/1
   669 | D:2      | Reached skill level 3 in Unarmed Combat
   739 | D:2      | Reached XP level 3. HP: 29/36 MP: 2/2
   857 | D:2      | Found a faded altar of an unknown god.
  1248 | D:3      | Noticed a centaur
  1259 | D:3      | Killed a centaur
  1260 | D:3      | Reached skill level 1 in Stealth
  1260 | D:3      | Reached skill level 4 in Unarmed Combat
  1260 | D:3      | Reached XP level 4. HP: 28/44 MP: 3/3
  1260 | D:3      | Reached XP level 5. HP: 32/50 MP: 4/4
  1542 | D:3      | Reached skill level 5 in Unarmed Combat
  1566 | D:3      | Noticed an ice beast
  1572 | D:3      | Killed an ice beast
  1573 | D:3      | Reached XP level 6. HP: 59/59 MP: 5/5
  1942 | D:3      | Found a glowing silver altar of Zin.
  1943 | D:3      | Found an opulent altar of Gozag.
  2268 | D:4      | Reached skill level 6 in Unarmed Combat
  2326 | D:4      | Noticed Edmund
  2333 | D:4      | Killed Edmund
  2421 | D:4      | Reached XP level 7. HP: 65/66 MP: 6/6
  2629 | D:5      | Entered Level 5 of the Dungeon
  2673 | D:5      | Reached skill level 7 in Unarmed Combat
  2769 | D:5      | Reached skill level 8 in Unarmed Combat
  2842 | D:5      | Got the Tome of Moulding and Clay
  2872 | D:5      | Found a shimmering altar of Xom.
  2872 | D:5      | Found a blossoming altar of Fedhas.
  3017 | D:5      | Found a white marble altar of Elyvilon.
  3274 | D:5      | Reached XP level 8. HP: 68/74 MP: 7/7
  3293 | D:5      | Reached skill level 9 in Unarmed Combat
  3295 | D:5      | Found a hazy altar of Hepliaklqana.
  3420 | D:6      | Found a staircase to the Ecumenical Temple.
  3490 | D:6      | Found Qiaqegatau's Armour Shop.
  3554 | D:6      | Noticed Maggie
  3561 | D:6      | Killed Maggie
  3562 | D:6      | Reached skill level 10 in Unarmed Combat
  3562 | D:6      | Noticed Eustachio
  3564 | D:6      | Noticed Pikel
  3586 | D:6      | Killed Pikel
  3587 | D:6      | Reached skill level 11 in Unarmed Combat
  3587 | D:6      | Reached XP level 9. HP: 44/80 MP: 8/8
  3632 | D:6      | Killed Eustachio
  3777 | D:6      | Reached skill level 12 in Unarmed Combat
  3836 | D:6      | Found Ympodask's Magic Scroll Shoppe.
  3840 | D:6      | Bought a scroll of identify for 22 gold pieces
  3840 | D:6      | Bought a scroll of identify for 22 gold pieces
  3840 | D:6      | Bought a scroll of identify for 22 gold pieces
  3898 | D:6      | Found Kakheg's Assorted Antiques.
  4269 | D:7      | Found a flagged portal.
  4296 | D:7      | Found a sacrificial altar of Ru.
  4668 | D:7      | Reached skill level 13 in Unarmed Combat
  4799 | Bailey   | Entered a bailey
  4805 | Bailey   | Noticed an orc knight
  4919 | Bailey   | Killed an orc knight
  4929 | Bailey   | Noticed an orc knight
  4953 | Bailey   | Slain by an orc knight

Illustrated notes

Levels and vault maps discovered:
D:1:      nicolae_arrival_somewhat_less_tricky_arrival, layout_loops_cross
D:2:      layout_rooms, hellmonk_ecumenical_altar_zigzags, minmay_misc_feat_rows
D:3:      layout_loops_corners, grunt_temple_overflow_gold_and_silver
D:4:      layout_rooms, uniq_edmund
D:5:      layout_rooms, elyvilon_altar_1, marbit_many_paths,
          gammafunk_temple_overflow_statue
D:6:      layout_basic, minmay_temple_entry_fiery, serial_shops,
          nicolae_shop_hallway_stairs, nicolae_stop_n_shop_2, shop, uniq_maggie,
          uniq_pikel, uniq_eustachio
D:7:      layout_gridville, nicolae_ru_the_path_less_chosen, enter_bailey_5
Bailey:   bailey_axe_4, bailey

Skill      XL: |  1  2  3  4  5  6  7  8  9 |
---------------+----------------------------+-----
Unarmed Combat | 3 4 5 6 8 11 13 | 13.8
Stealth        | 1 2 |  2.0
Fighting       | |  2.4
Dodging        | |  2.4
Shields        | |  2.4

Action                   |  1- 3 |  4- 6 |  7- 9 || total
-------------------------+-------+-------+-------++-------
Melee: Unarmed           |    70 |    86 |   255 ||   411
       Punch             |     2 |     1 |    12 ||    15
  Use: Scroll            |       |       |     7 ||     7
       Potion            |       |       |     1 ||     1
 Stab: Sleeping          |       |     3 |     4 ||     7
Armor: Robe              |    29 |    19 |   142 ||   190
Dodge: Dodged            |    33 |    42 |   180 ||   255

Table legend: (Time is in decaauts)
 A = Elapsed time spent in this place.
 B = Non-inter-level travel time spent in this place.
 C = Inter-level travel time spent in this place.
 D = Time resting spent in this place.
 E = Time spent auto-exploring this place.
 F = Levels seen in this place.
 G = Mean time per level.
                   A        B        C        D        E       F      G
               +--------+--------+--------+--------+--------+-----+--------+
         Total |   4889 |   4697 |    192 |     55 |   3711 |   8 |  611.1 |
       Dungeon |   4743 |   4551 |    192 |     55 |   3674 |   7 |  677.6 |
        Bailey |    145 |    145 |      0 |      0 |     37 |   1 |  145.0 |
               +--------+--------+--------+--------+--------+-----+--------+

Top non-repeatable levels by time:
     D:3: 979 daAuts
     D:6: 782 daAuts
     D:5: 719 daAuts
     D:7: 629 daAuts
     D:1: 612 daAuts
     D:2: 603 daAuts
     D:4: 418 daAuts
  Bailey: 145 daAuts
